woodfighter, lawful female giant Barbarian --- |}}}| |.----- ----}}}| --- ---- |.....-- |..}}}-- |.. |..| |......---.}}}-- +..----..| |..........}}.| --------- ----- |....|...+ -- -------.-....}.}.---.............| |........| . ..|.....|....}}......--------+-- - --..`.....-------+-- |#+-#+|.....|...}}}}.....|%%%%%| |..........%.........|.....|-----|..}}}}}.....|%%%%!| -...........-+-----+-- .... |.}}}}}}.....|...."| -...---+---..| .. |.}}}}%%....^--|---| | -.... |..| --|------ |..}}}}}...........| .. ..... |..----+-----.......| |.}}}}}}}..........--+--.| - |.#... |............^.....--+---.}}}}}}}.+.%.+.......<..... ... |..[------.........|.....}}..}}}})..|....@@......--- -..# --..-...(|.....------...}}..}}}}.|(....|.....-.-..... -- ---|....|.....+ |..}.}..}}}}....----....-j.--......- -- ----------.....| |.}}}....}}}................|........ |.....................| -}}}.....}}}.----------.----. ...-- ..| ----------------------- -}}}.---.}}}}.| --- - |..| --- |}}}-- ---}}}}| --- woodfighter the Bandit Experience level: 8 Strength: 18/07 Dexterity: 16 Constitution: 20 Intelligence: 7 Wisdom: 7 Charisma: 6 Health: 0(79) Energy: 14(14) Def: 13 Gold: 282 Moves: 12396 Dungeon seed: Sb1bd62HFL7cmSiY Game ID: woodfighter_1537552335 Your Inventory: Coins $ - 282 gold pieces Amulets A - an uncursed amulet of reflection (being worn) Weapons a - a +0 battle-axe (weapon in hand) Armor e - an uncursed +0 dented pot (being worn) r - an uncursed +0 dwarvish cloak H - an uncursed corroded +0 orcish shield (being worn) O - an uncursed +0 mummy wrapping (being worn) Comestibles g - 2 uncursed tripe rations h - an uncursed carrot l - an uncursed food ration x - an uncursed pancake z - an uncursed tin of hobgoblin meat C - 2 uncursed lichen corpses J - an uncursed egg X - an uncursed cram ration Z - an uncursed lizard corpse Scrolls f - an uncursed scroll of blank paper L - an uncursed scroll of destroy armor R - a blessed scroll of identify Spellbooks M - an uncursed spellbook of detect monsters Potions c - an uncursed potion of fruit juice I - an uncursed potion of extra healing K - an uncursed potion of blindness W - an uncursed potion of confusion Wands d - a wand of probing (0:8) P - a wand of digging (0:7) T - a wand of speed monster (0:7) Tools y - an uncursed lock pick S - an uncursed oil lamp (0:885) U - an uncursed magic whistle Gems b - an uncursed worthless piece of yellowish brown glass q - an uncursed garnet N - 2 uncursed agates Q - an uncursed touchstone Y - 2 uncursed worthless pieces of yellow glass Boulders/Statues n - an uncursed boulder Spells and supernatural/magical abilities: Name Level Category Fail Memory W - pray for help -- divine ? -- Your skills at the end: Miscellaneous Skills bare handed combat [Basic] shield [Basic] Weapon Skills axe [Expert] short sword [Basic] sling [Basic] Spellcasting Skills Final Attributes: You were piously aligned. You were poison resistant. Your writing hand was ok. You were telepathic. You had infravision. You were stealthy. You were fast. You had reflection. You were very unlucky. You are dead. Vanquished creatures: 2 giant mimics a quantum mechanic a large dog a lizard a gnome king an orc mummy 2 piranhas a dog a housecat a blue jelly a dust vortex 3 bugbears an imp a baby crocodile a wood nymph 2 Mordor orcs 2 rock moles a rock piercer a pony a fog cloud a shrieker 2 violet fungi 5 gnome lords a gnomish wizard a red naga hatchling an elf zombie a paper golem 4 jellyfish 2 giant ants 3 floating eyes a kitten a dwarf 2 homunculi 4 iguanas 11 hill orcs a rothe a rabid rat a giant bat an orc zombie 2 dwarf zombies a wererat a werejackal 4 coyotes 4 gas spores 2 hobbits 4 acid blobs 4 large kobolds 4 geckos 2 hobgoblins 6 giant rats 5 cave spiders a brown mold 3 yellow molds 2 green molds 15 gnomes 16 garter snakes 12 manes 5 gnome zombies 6 jackals 3 foxes 5 kobolds 8 newts 4 goblins 4 sewer rats 5 grid bugs 6 bats 6 lichens 3 kobold zombies 213 creatures vanquished. Voluntary challenges: You did not cause conflict. You were not invisible. You did not have reflection until turn 10260. You were not displaced. You had been an atheist until turn 2733. You used a wielded weapon 219 times, starting on turn 274. You did not apply a unicorn horn. You did not use plumbed fixtures. You did not drink any magical draughts. You read items or engraved 2 times, starting on turn 5844. You never genocided any monsters. You never polymorphed an object. You never changed form. You cheated 9 times but completed Sokoban on turn 10207. You used no wishes. You never split a pudding. You never wrote Elbereth's name. You never violated your personal moral code. Dungeon overview: The Dungeons of Doom: levels 1 to 7 Level 1 (vault) an altar to Mitra, a fountain a long staircase Level 2 a weapon shop, a fountain stairs to The Gnomish Mines Level 3 some fountains Level 4 (vault) Level 5 Level 6 many fountains Level 7 a fountain stairs to Sokoban The Gnomish Mines: levels 3 to 5 Level 3 stairs to The Dungeons of Doom Level 4 Level 5 <- You were here a delicatessen, some trees Sokoban: levels 3 to 6 Level 3 a magic chest Level 4 Level 5 (invisible leprechaun) Level 6 an altar to Mitra, a magic chest stairs to The Dungeons of Doom History has recorded: On T:1 you entered the Dungeons of Doom to retrieve the Amulet of Yendor! On T:158 you reached level 2 of The Dungeons of Doom. On T:785 you advanced to experience level 2. On T:883 you reached level 3 of The Dungeons of Doom. On T:1094 you reached level 1 of The Gnomish Mines. On T:1850 you advanced to experience level 3. On T:1861 you reached level 4 of The Dungeons of Doom. On T:2501 you advanced to experience level 4. On T:2670 you reached level 5 of The Dungeons of Doom. On T:2733 you prayed to Mitra. On T:3351 you reached level 6 of The Dungeons of Doom. On T:3462 you advanced to experience level 5. On T:4125 you prayed to Mitra. On T:4685 you reached level 7 of The Dungeons of Doom. On T:4841 you advanced to experience level 6. On T:5560 you reached level 4 of Sokoban. On T:5840 you opened a magic chest. On T:6477 you reached level 3 of Sokoban. On T:7870 you reached level 2 of Sokoban. On T:9314 you advanced to experience level 7. On T:9341 you reached level 1 of Sokoban. On T:10207 you entered the Sokoban zoo. On T:10848 you reached level 2 of The Gnomish Mines. On T:11529 you reached level 3 of The Gnomish Mines. On T:12167 you advanced to experience level 8. Score breakdown: Gold: 282 ( 28 points) Experience: 8 levels ( 700 points) Exploration: 7 levels ( 180 points) Discoveries: 26 items ( 1300 points) Variety of kills: 68 monsters ( 2000 points) Major goal: finished Sokoban ( 1000 points) Survival: died (score multiplied by 3) Total score: 15624 Latest messages: The quantum mechanic interacts with you! You swing your battle-axe in a wide arc. You smite the quantum mechanic! The quantum mechanic turns to flee! You swing your battle-axe in a wide arc. You kill the quantum mechanic! This door is locked. That door is closed. You start chopping at the door. You hit the door with all your might. "Halt, vandal! You're under arrest!" You see an angry guard approaching! You stop chopping. Hancock zaps a hexagonal wand! The magic missile hits you! But it is disrupted by your medallion! You swing your battle-axe in a wide arc. You smite Hancock! You swing your battle-axe in a wide arc. You smite Hancock! Hancock zaps a wand of magic missile! The magic missile hits you! But it is disrupted by your medallion! Hancock is caught in the magical blast! Hancock resists the magical blast! Final status: Goodbye woodfighter the Barbarian, killed by a magical blast... You died in The Gnomish Mines on dungeon level 5 with 15624 points, and 282 pieces of gold, after 12396 moves. You were level 8 with a maximum of 79 hit points when you died.